 Dungeon Crawl Stone Soup version 0.26-a0-834-g69557b85cc (webtiles) character file.

Game seed: 10067708883019414606

4550 robertstho the Arsonist (level 10, -2/51 HPs)
             Began as a Tengu Fire Elementalist on Nov 16, 2020.
             Was a Follower of Sif Muna.
             Slain by a troll (16 damage)
             ... on level 9 of the Dungeon.
             The game lasted 00:23:49 (11932 turns).

robertstho the Arsonist (Tengu Fire Elementalist)  Turns: 11932, Time: 00:23:50

Health: -2/51      AC:  4    Str:  8    XL:     10   Next: 40%
Magic:  27/33      EV: 16    Int: 19    God:    Sif Muna [*.....]
Gold:   117        SH:  0    Dex: 15    Spells: 14/27 levels left

rFire    + . .     SeeInvis .   F - +6 scimitar "Kapah" {flame, rElec rF+}
rCold    . . .     Faith    .   (no shield)
rNeg     + . .     Spirit   .   a - +0 robe
rPois    .         Reflect  .   (helmet restricted)
rElec    +         Harm     .   w - +0 cloak
rCorr    .         Rampage  .   j - +0 pair of gloves
MR       .....                  (boots unavailable)
Stlth    ++........             (no amulet)
HPRegen  0.17/turn              G - ring of magical power
MPRegen  0.23/turn              J - ring of positive energy

@: flying quickly and evasively, quick
A: beak, talons 3, able to fly
a: Stop Flying, Channel Magic, Renounce Religion


You were on level 9 of the Dungeon.
You worshipped Sif Muna.
Sif Muna was aware of your devotion.
You visited 2 branches of the dungeon, and saw 10 of its levels.
You also visited: Sewer.

You collected 634 gold pieces.
You spent 517 gold pieces at shops.

Inventory:

Hand Weapons
 F - the +6 scimitar "Kapah" (weapon) {flame, rElec rF+}
   (You bought it in a shop on level 7 of the Dungeon)

   It has been specially enchanted to burn those struck by it, causing extra
   injury to most foes and up to half again as much damage against particularly
   susceptible opponents.
   Big, fiery blades are also staple armaments of hydra-hunters.
   It protects you from fire.
   It insulates you from electricity.
Missiles
 d - 56 poisoned darts (quivered)
 B - 4 curare-tipped darts
Armour
 a - a +0 robe (worn)
 j - a +0 pair of gloves (worn)
 r - a +2 cloak
 w - a +0 cloak (worn)
Magical Staves
 L - an uncursed staff of cold
Jewellery
 G - a ring of magical power (left hand)
 J - a ring of positive energy (right hand)
Scrolls
 b - 6 scrolls of remove curse
 g - a scroll of random uselessness {unknown}
 i - 2 scrolls of immolation {unknown}
 l - 2 scrolls of enchant weapon {unknown}
 n - a scroll of blinking {unknown}
 p - 7 scrolls of enchant armour {unknown}
 q - 3 scrolls of teleportation
 s - a scroll of fog {unknown}
 u - a scroll of magic mapping {unknown}
 v - 2 scrolls of amnesia {unknown}
 y - a scroll of fear {unknown}
 E - 2 scrolls of brand weapon
Potions
 c - a potion of berserk rage
 h - a potion of magic
 k - 3 potions of ambrosia
 m - a potion of brilliance
 o - 2 potions of curing
 t - 2 potions of might
 z - a potion of resistance
 H - 3 potions of mutation


   Skills:
 + Level 0.7 Fighting
 + Level 0.1(0.5) Short Blades
 + Level 1.0(1.1) Long Blades
 + Level 0.1 Staves
 + Level 0.2 Throwing
 + Level 3.1 Dodging
 + Level 3.3 Stealth
 + Level 0.2 Unarmed Combat
 * Level 9.3 Spellcasting
 + Level 7.7 Conjurations
 * Level 9.3 Fire Magic
 * Level 2.8 Invocations


You had 14 spell levels left.
You knew the following spells:

 Your Spells              Type           Power        Failure   Level
a - Foxfire               Conj/Fire      ####         1%          1
b - Conjure Flame         Conj/Fire      #####...     1%          3
c - Sticky Flame          Conj/Fire      #####...     2%          4
d - Fireball              Conj/Fire      #####.....   7%          5

Your spell library contained the following spells:

 Spells                   Type           Power        Failure   Level
 Inner Flame              Hex/Fire       ####....     3%          3
 Animate Skeleton         Necr           #.....       8%          1
 Apportation              Tloc           #.....       8%          1
 Corona                   Hex            #......      8%          1
 Summon Small Mammal      Summ           #...         8%          1


Dungeon Overview and Level Annotations

Branches:
Dungeon (9/15)             Temple (1/1) D:6           Sewer (visited)
   Lair: D:8-11         Orc: D:9-12

Altars:
Ashenzari
Dithmenos
Elyvilon
Fedhas
Gozag
Hepliaklqana
Kikubaaqudgha
Makhleb
Nemelex Xobeh
Okawaru
Qazlal
Ru
Sif Muna
Trog
Uskayaw
Vehumet
Wu Jian
Xom
Yredelemnul
Zin
The Shining One

Shops:
D:6 (   D:7 *=!(

Annotations:
D:6 939 lajatang


Innate Abilities, Weirdness & Mutations

You have a beak for a mouth.
You have claws for feet.
You can fly continuously.


Message History

The troll burns!
The foxfire hits the troll.
The troll is severely wounded.
The foxfire hits the troll but does no damage.
The troll is severely wounded.
The troll bites you!
* * * LOW HITPOINT WARNING * * *
The troll closely misses you. x2
Casting: Foxfire (safe; 1% risk of failure)
Confirm with . or Enter, or press ? or * to list all spells.
You conjure some foxfire!
The troll burns!
The troll barely misses you. The troll misses you.
The troll claws you but does no damage.
The foxfire hits the troll.
The troll is almost dead.
The foxfire hits the troll.
The troll is almost dead.
Unknown command.
Casting: Foxfire (safe; 1% risk of failure)
Confirm with . or Enter, or press ? or * to list all spells.
You conjure some foxfire!
The troll burns!
The troll bites you!
You die...

#.........#
###'#.....#
#..<+.....#
+...#.....#
##..####'##
#..##...###+##
#..##...#....#
##v.....'....#
#v@T...#....#
#.##ยง..#....#
#. #.<.#.......
#......#.......
#......#.......
#+##...#.......
#...+.......
...#


You could see a troll (burning).

Vanquished Creatures
  A two-headed ogre (D:8)
  Psyche (D:8)
  Grinder (D:3)
  Menkaure (D:5)
  2 water moccasins
  Purgy (Sewer)
  An ice beast (D:8)
  2 orc warriors
  A sky beast (D:7)
  A black bear (D:8)
  4 ogres
  An eye of draining (D:8)
  A centaur (D:8)
  2 bullfrogs
  6 big kobolds
  A water moccasin skeleton (D:7)
  3 wights (D:8)
  2 howler monkeys (D:4)
  2 bullfrog zombies
  A centaur zombie (D:6)
  5 hounds
  3 orc priests
  Crazy Yiuf (D:2)
  2 bullfrog skeletons (D:6)
  Terence (D:3)
  9 orc wizards
  5 worker ants
  A worker ant zombie (D:5)
  Robin (D:4)
  2 howler monkey skeletons (D:5)
  9 gnolls
  13 adders
  A shadow imp (D:6)
  A white imp (D:6)
  5 oozes
  A worm (D:4)
  10 leopard geckos
  8 orcs
  6 bats
  8 giant cockroaches
  43 goblins
  23 hobgoblins
  7 jackals
  17 kobolds
  4 quokkas
  A ball python (D:2)
  6 frilled lizards
  7 rats
235 creatures vanquished.

Vanquished Creatures (collateral kills)
  3 foxfires
3 creatures vanquished.

Vanquished Creatures (others)
  1125 foxfires
1125 creatures vanquished.

Grand Total: 1363 creatures vanquished

Notes
Turn   | Place    | Note
-------+----------+-------------------------------------------
     0 | D:1      | robertstho the Tengu Fire Elementalist began the quest for
                  | the Orb.
     0 | D:1      | Reached XP level 1. HP: 10/10 MP: 4/4
     6 | D:1      | Noticed a black bear
     6 | D:1      | Noticed a rime drake
     7 | D:1      | Noticed an anaconda
   483 | D:1      | Reached XP level 2. HP: 15/15 MP: 1/6
  1305 | D:2      | Found a sacrificial altar of Ru.
  1331 | D:2      | Reached XP level 3. HP: 3/19 MP: 0/8
  1587 | D:2      | Learned a level 3 spell: Conjure Flame
  1791 | D:2      | Reached XP level 4. HP: 20/24 MP: 5/9
  1836 | D:2      | Found a shadowy altar of Dithmenos.
  1990 | D:2      | Found an iron altar of Okawaru.
  2454 | D:2      | Found a runed translucent door.
  2455 | D:2      | Noticed Crazy Yiuf
  2666 | D:2      | Learned a level 4 spell: Sticky Flame
  2677 | D:2      | HP: 1/24 [Crazy Yiuf/+2 quarterstaff of chaos (5)]
  2693 | D:2      | Killed Crazy Yiuf
  2694 | D:2      | Gained mutation: You can fly continuously. [Tengu growth]
  2694 | D:2      | Reached XP level 5. HP: 24/28 MP: 0/11
  2863 | D:3      | Found a hazy altar of Hepliaklqana.
  2958 | D:3      | Noticed Terence
  2970 | D:3      | Killed Terence
  3207 | D:3      | Noticed Grinder
  3227 | D:3      | Killed Grinder
  3228 | D:3      | Reached skill level 5 in Fire Magic
  3228 | D:3      | Reached XP level 6. HP: 22/32 MP: 1/13
  3521 | D:3      | Reached XP level 7. HP: 30/36 MP: 1/14
  3521 | D:3      | You are sucked into a shaft and drop 3 floors!
  3733 | D:6      | Reached skill level 5 in Spellcasting
  3890 | D:6      | Found Fotocwil's Weapon Shop.
  3957 | D:5      | Entered Level 5 of the Dungeon
  4080 | D:5      | Found a stormy altar of Qazlal.
  4083 | D:5      | Found an ancient bone altar of Kikubaaqudgha.
  4083 | D:5      | Found a bloodstained altar of Trog.
  4083 | D:5      | Found a basalt altar of Yredelemnul.
  4107 | D:5      | Noticed Menkaure
  4117 | D:5      | Killed Menkaure
  4433 | D:5      | Reached XP level 8. HP: 32/41 MP: 12/17
  5237 | D:4      | Found a glowing drain.
  5263 | Sewer    | Entered a sewer
  5351 | Sewer    | Learned a level 5 spell: Fireball
  5368 | Sewer    | Noticed Purgy
  5380 | Sewer    | Killed Purgy
  6113 | D:4      | Reached skill level 5 in Conjurations
  6225 | D:4      | Found a shimmering altar of Xom.
  6590 | D:4      | Found a glowing golden altar of the Shining One.
  7387 | D:4      | Reached XP level 9. HP: 46/46 MP: 9/20
  7511 | D:4      | Noticed Robin
  7514 | D:4      | Killed Robin
  8571 | D:6      | Found a staircase to the Ecumenical Temple.
  8602 | Temple   | Entered the Ecumenical Temple
  9172 | Temple   | Became a worshipper of Sif Muna the Loreminder
  9582 | D:6      | Reached skill level 1 in Invocations
  9912 | D:7      | Found Fuisias's Antique Weapon Shoppe.
  9944 | D:7      | Bought a fading scimitar for 315 gold pieces
  9944 | D:7      | Identified the +6 scimitar "Kapah" {flame, rElec rF+} (You
                  | bought it in a shop on level 7 of the Dungeon)
 10116 | D:7      | Found an opulent altar of Gozag.
 10196 | D:7      | HP: 1/46 [orc wizard/magic dart (3)]
 10465 | D:7      | Found Evvag's Distillery.
 10470 | D:7      | Bought a potion of mutation for 96 gold pieces
 10470 | D:7      | Bought a potion of curing for 36 gold pieces
 10807 | D:7      | Found Jesevy's General Store.
 10808 | D:7      | Found Wuot's Jewellery Shop.
 10811 | D:7      | Bought a scroll of teleportation for 30 gold pieces
 10811 | D:7      | Bought a scroll of identify for 20 gold pieces
 10811 | D:7      | Bought a scroll of identify for 20 gold pieces
 10977 | D:7      | Found a glowing silver altar of Zin.
 11413 | D:8      | Reached XP level 10. HP: 51/51 MP: 23/23
 11497 | D:8      | Reached skill level 1 in Long Blades
 11604 | D:8      | Noticed Psyche
 11611 | D:8      | Killed Psyche
 11754 | D:8      | Reached * piety under Sif Muna
 11802 | D:8      | Noticed a two-headed ogre
 11809 | D:8      | Killed a two-headed ogre
 11852 | D:8      | Noticed a red ugly thing
 11932 | D:9      | Slain by a troll

Illustrated notes

Levels and vault maps discovered:
D:1:      onia_arrival_zoo_common, layout_basic
D:2:      layout_rooms, general_overflow_altar,
          nicolae_ru_great_annihilating_truth, lemuel_round_altar,
          minmay_tetromino_t2, uniq_crazy_yiuf_cottage
D:3:      layout_rooms, nicolae_overflow_hidden_temple, uniq_terence,
          uniq_grinder
D:4:      minmay_goblin_kobold_castle, layout_basic, old_standard_altar,
          lemuel_round_altar, gup_sewer_entry_pipe, chequers_jeans, uniq_robin
D:5:      layout_loops_ring, grunt_temple_overflow_open, uniq_menkaure
D:6:      layout_gridville, minmay_temple_entry_overgrown, serial_shops, shop
D:7:      layout_loops_ring, lemuel_round_altar, nicolae_gozag_seed_capital,
          serial_shops, nicolae_shop_statue_plus, shop, shop, shop_statue
D:8:      layout_basic, uniq_psyche
D:9:      minmay_the_grid_triangle_9x9_rhombus_thin_mashed
          [minmay_the_grid_triangle_9x9_corrupted_corridor,
          minmay_the_grid_triangle_9x9_prize_insulated,
          minmay_the_grid_triangle_9x9_pentomino_pain,
          minmay_the_grid_triangle_9x9_sprig], layout_gridville,
          kennysheep_little_box, minmay_lair_entry_grove, zombieorc2_lemuel,
          serial_shops, shop, nicolae_shop_statue_plus
Temple:   jpeg_temple_island

Skill      XL: |  1  2  3  4  5  6  7  8  9 10 |
---------------+-------------------------------+-----
Fire Magic     | 4 5 6 7 8 9 |  9.3
Spellcasting   | 3 4 5 7 8 9 |  9.3
Conjurations   | 3 5 7 |  7.7
Stealth        | 3 |  3.3
Invocations    | 2 |  2.8
Dodging        | 3 |  3.1
Long Blades    | 1 |  1.0
Fighting       | |  0.7
Short Blades   | |  0.1
Staves         | |  0.1
Throwing       | |  0.2
Unarmed Combat | |  0.2

Action                   |  1- 3 |  4- 6 |  7- 9 | 10-12 || total
-------------------------+-------+-------+-------+-------++-------
Melee: Unarmed           |     7 |       |       |       ||     7
       Kick              |     3 |     2 |    19 |     1 ||    25
       Peck              |     1 |     2 |     9 |       ||    12
       Dagger            |       |     8 |    42 |       ||    50
       Quarterstaff      |       |     2 |    11 |       ||    13
       Scimitar          |       |       |    14 |     1 ||    15
Throw: Dart              |       |     4 |       |       ||     4
 Cast: Foxfire           |    52 |   114 |   466 |    40 ||   672
       Sticky Flame      |       |       |     7 |     3 ||    10
 Abil: Fly               |       |     1 |       |       ||     1
  Use: Potion            |       |     2 |     6 |       ||     8
       Scroll            |       |       |    11 |     3 ||    14
 Stab: Sleeping          |       |       |     2 |       ||     2
Armor: Robe              |     4 |    14 |    19 |     3 ||    40
Dodge: Dodged            |    10 |    33 |   124 |     9 ||   176
       Rpst.: Scimitar   |       |       |     5 |     1 ||     6

Table legend: (Time is in decaauts)
 A = Elapsed time spent in this place.
 B = Non-inter-level travel time spent in this place.
 C = Inter-level travel time spent in this place.
 D = Time resting spent in this place.
 E = Time spent auto-exploring this place.
 F = Levels seen in this place.
 G = Mean time per level.
                   A        B        C        D        E       F      G
               +--------+--------+--------+--------+--------+-----+--------+
         Total |  11520 |  11113 |    407 |   1213 |   8207 |  11 | 1047.3 |
       Dungeon |  10580 |  10226 |    354 |   1213 |   7386 |   9 | 1175.6 |
        Temple |    541 |    488 |     53 |      0 |    484 |   1 |  541.0 |
         Sewer |    398 |    398 |      0 |      0 |    336 |   1 |  398.0 |
               +--------+--------+--------+--------+--------+-----+--------+

Top non-repeatable levels by time:
     D:4: 2322 daAuts
     D:2: 1662 daAuts
     D:6: 1366 daAuts
     D:7: 1314 daAuts
     D:5: 1204 daAuts
     D:1: 1159 daAuts
     D:3: 911 daAuts
     D:8: 585 daAuts
  Temple: 541 daAuts
   Sewer: 398 daAuts
     D:9: 54 daAuts
